Map: Eternal Empire LE

Players

liquidthermy (uThermal)

  • Race: Terran Terran
  • Spawn Location: 7:00

LiquidClem (Clem) - Winner!

  • Race: Terran Terran
  • League: Master
  • Spawn Location: 1:00

Event: DreamHack SC2 Masters 2020 Summer Europe

VOD

Have the link to the VOD?

Description

Time

  • Played on: July 10, 2020, 12:02 p.m.
  • Length: 4:36

All games in this series

Show
View Real Time Build Order
Export as new Build Order

liquidthermy Terran 

Build Orders: 2 Factory 

Get SALT Encoding   

  12  0:01  SCV  
  13  0:13  SCV  
  14  0:18  Supply Depot  
  14  0:25  SCV  
  14  0:28  Refinery  
  15  0:39  SCV  
  16  0:44  Barracks  
  16  0:51  SCV  
  16  0:54  Refinery  
  17  1:04  SCV  
  18  1:16  SCV  
  19  1:31  Orbital Command, Reaper  
  20  1:33  Supply Depot  
  20  1:47  Factory  
  20  1:57  SCV  
  21  2:03  Reaper  
  22  2:09  SCV  
  23  2:21  SCV  
  24  2:25  Command Center  
  24  2:31  Hellion  
  24  2:33  SCV  
  24  2:35  Barracks Tech Lab  
  27  2:40  Supply Depot  
  27  2:45  SCV  
  28  2:57  SCV  
  29  3:02  Cyclone  
  32  3:09  SCV  
  33  3:14  Factory  
  33  3:17  Refinery  
  33  3:21  SCV  
  34  3:33  SCV  
  35  3:34  Cyclone  
  35  3:38  Orbital Command  
  38  3:44  Barracks Tech Lab  
  38  3:46  SCV  
  39  3:58  SCV  
  40  4:04  SCV  
  47  4:10  SCV  
  47  4:11  Supply Depot  
  47  4:16  SCV  
  49  4:22  SCV  
Show
View Real Time Build Order
Export as new Build Order

LiquidClem Terran - Winner!

Build Orders:  

Get SALT Encoding   

  12  0:00  SCV  
  13  0:12  SCV  
  14  0:17  Supply Depot  
  14  0:24  SCV  
  15  0:29  Refinery  
  15  0:38  SCV  
  16  0:44  Barracks  
  16  0:50  SCV  
  16  0:54  Refinery  
  17  1:02  SCV  
  18  1:15  SCV  
  19  1:31  Reaper  
  19  1:32  Orbital Command  
  20  1:36  Factory  
  20  1:46  Supply Depot  
  20  1:57  SCV  
  21  2:03  Reaper  
  22  2:10  SCV  
  23  2:21  Hellion  
  25  2:27  Command Center  
  25  2:30  SCV  
  26  2:37  Barracks Reactor  
  26  2:42  SCV, Hellion  
  29  2:48  Starport  
  29  2:54  SCV  
  30  2:59  Supply Depot  
  30  3:05  Factory Tech Lab  
  30  3:06  SCV  
  31  3:20  Marine x2, SCV  
  31  3:24  Siege Tank  
  31  3:26  Medivac  
  39  3:30  Refinery  
  39  3:38  Marine x2  
  39  3:39  SCV  
  42  3:45  Orbital Command  
  42  3:51  SCV  
  43  3:56  Starport Tech Lab, Cyclone  
  43  3:59  Marine  
  43  4:01  Marine  
  48  4:06  SCV  
  49  4:12  Supply Depot  
  49  4:13  SCV  
  52  4:21  SCV  
Tags
 
Add a new tag
Caveats
  • Supply blocks, unpowered buildings, or Contaminate may cause inaccurate times.
  • Supply counts are checked every 10 seconds.